 Dungeon Crawl Stone Soup version 0.18.1-8-gdd0e5ea (webtiles) character file.

202 Jerry the Twirler (level 5, -1/42 HPs)
             Began as a Minotaur Gladiator on May 24, 2016.
             Slain by an orc wizard
             ... wielding a +0 dagger
              (3 damage)
             ... on level 3 of the Dungeon.
             The game lasted 00:04:55 (2125 turns).

Jerry the Twirler (Minotaur Gladiator)              Turns: 2125, Time: 00:04:56

Health: -1/42      AC:  3    Str: 20    XL:     5   Next: 50%
Magic:  4/4        EV: 12    Int:  5    God:
Gold:   116        SH:  0    Dex: 11    Spells: 0 memorised, 4 levels left

rFire  . . .     SeeInvis .     a - +0 quarterstaff
rCold  . . .     Gourm    .     b - +0 leather armour
rNeg   + . .     Faith    .     (shield currently unavailable)
rPois  .         Spirit   .     c - +0 hat
rElec  .         Dismiss  .     (no cloak)
rCorr  .         Reflect  .     (no gloves)
SustAt .         Harm     .     (no boots)
MR     .....                    (no amulet)
Stlth  +.........               (no ring)
                                e - ring of positive energy

@: not resistant to hostile enchantments, very unstealthy
A: retaliatory headbutt, horns 2
a: no special abilities


You were on level 3 of the Dungeon.
You were hungry.

You visited 1 branch of the dungeon, and saw 3 of its levels.

You collected 116 gold pieces.

Inventory:

Hand Weapons
 a - a +0 quarterstaff (weapon)
Armour
 b - a +0 leather armour (worn)
 c - a +0 hat (worn)
Jewellery
 e - a ring of positive energy (left hand)
Scrolls
 i - 7 scrolls of identify {unknown}
 k - a scroll of immolation {unknown}
 l - a scroll of remove curse {unknown}
 p - a scroll of amnesia {unknown}
 q - 2 scrolls of noise {unknown}
 s - a scroll of enchant armour {unknown}
 u - a scroll of fog {unknown}
 v - a scroll of magic mapping {unknown}
Potions
 g - a potion of heal wounds {unknown}
 m - 3 potions of agility {unknown}
 n - 2 potions of curing {unknown}
 o - a potion of berserk rage {unknown}
 r - a potion of magic {unknown}
Comestibles
 f - 2 bread rations
 h - 3 beef jerkies
 j - a slice of pizza
 t - a meat ration


   Skills:
 - Level 2.4 Fighting
 + Level 5.9 Staves
 - Level 2.0 Throwing
 + Level 4.4 Armour
 - Level 3.2 Dodging


You had 4 spell levels left.
You didn't know any spells.

Dungeon Overview and Level Annotations

Branches:
Dungeon (3/15)

Altars:
Makhleb


Innate Abilities, Weirdness & Mutations

You reflexively headbutt those who attack you in melee.
You have a pair of horns on your head.


Message History

You hit something but do no damage. Your headbutt misses something.
Something hits you but does no damage.
You hit something. Something hits you.
You miss something. Something hits you.
You miss something. Something hits you but does no damage.
You hit something but do no damage. Something hits you.
* * * LOW HITPOINT WARNING * * *
You barely miss something. Something hits you.
* * * LOW HITPOINT WARNING * * *
You hit something. Something hits you.
* * * LOW HITPOINT WARNING * * *
You miss something. Something hits you.
* * * LOW HITPOINT WARNING * * *
You closely miss something. Something hits you but does no damage.
You barely miss something. Your headbutt misses something.
Something hits you but does no damage.
Throwing (i - inventory):
d - a throwing net (quivered)
Press: ? - help, Shift-Dir - straight line You throw a throwing net.
Something hits you.
You die...

######### #.......#
## #.......# .#
#.......# .#####
#......(# .....#
####.......# ####.#
#..........# #.##
#.##.@{)..(#
#..######..###.#####
##..............##
###.............##
#...............#
#...............#
#...............#
#...............#
#...............#


There were no monsters in sight!

Vanquished Creatures
  An orc wizard (D:3)
  An orc priest (D:3)
  7 adders
  2 worms
  A dart slug (D:1)
  A giant gecko (D:2)
  6 orcs (D:3)
  10 bats
  6 giant cockroaches
  5 goblins
  9 hobgoblins
  2 ball pythons (D:2)
  4 giant newts (D:1)
  7 kobolds
  6 rats
68 creatures vanquished.

Notes
Turn   | Place    | Note
--------------------------------------------------------------
     0 | D:1      | Jerry the Minotaur Gladiator began the quest for the Orb.
     0 | D:1      | Reached XP level 1. HP: 18/18 MP: 0/0
    78 | D:1      | Reached skill level 1 in Armour
   103 | D:1      | Reached XP level 2. HP: 25/25 MP: 1/1
   203 | D:1      | Reached skill level 4 in Staves
   521 | D:2      | Reached XP level 3. HP: 13/30 MP: 2/2
  1223 | D:2      | Reached XP level 4. HP: 34/37 MP: 3/3
  1378 | D:2      | Found a burning altar of Makhleb.
  1460 | D:3      | Reached skill level 5 in Staves
  1858 | D:3      | Reached XP level 5. HP: 40/42 MP: 4/4
  2122 | D:3      | HP: 2/42 [something (2)]
  2125 | D:3      | Slain by an orc wizard

Skill      XL: |  1  2  3  4 |
---------------+-------------+-----
Armour         | 1 2 3 4 |  4.4
Staves         | 4 5 |  5.9
Fighting       | |  2.4
Throwing       | |  2.0
Dodging        | |  3.2

Action                   |  1- 3 |  4- 6 || total
-------------------------+-------+-------++-------
Melee: Quarterstaff      |    72 |    67 ||   139
       Headbutt          |     7 |     8 ||    15
Throw: Throwing net      |     1 |    11 ||    12
 Stab: Held in net/web   |       |     4 ||     4
  Eat: Chunk             |     1 |     2 ||     3
Armor: Leather armour    |    26 |    19 ||    45
Dodge: Dodged            |    55 |    43 ||    98
